 Dungeon Crawl Stone Soup version 0.17-a0-1324-ga541562 (webtiles) character file.

102916 ololoev the Fencer (level 16, -6/110 HPs)
             Began as a Formicid Skald on June 9, 2015.
             Was the Champion of Cheibriados.
             Killed by Shatter
             ... invoked by Jorgrun
              (46 damage)
             ... on level 2 of the Snake Pit.
             The game lasted 01:40:45 (32333 turns).

ololoev the Fencer (Formicid Skald)                Turns: 32333, Time: 01:40:46

Health: -6/110     AC: 31    Str: 33    XL:     16   Next: 87%
Magic:  16/22      EV: 18    Int: 31    God:    Cheibriados [******]
Gold:   1476       SH: 22    Dex: 30    Spells: 2 memorised, 13 levels left

rFire  + + +     SeeInvis +     b - +3 great sword (freeze)
rCold  . . .     Clarity  +     p - +6 plate armour of the Gloaming {rF+++ Str-4 Dex+5}
rNeg   . . .     SustAt   .     f - +5 shield
rPois  .         Gourm    .     (helmet unavailable)
rElec  .         Spirit   .     l - +2 cloak {+Inv}
rCorr  +         Warding  .     t - +2 pair of gloves of the Orange Skies {+Fly}
rMut   .         Stasis   +     c - +2 pair of boots {Stlth+}
MR     +....                    w - amulet of resist corrosion
Stlth  ..........               k - +6 ring of protection
                                u - +3 ring of evasion

@: regenerating, very slow, somewhat resistant to hostile enchantments,
extremely unstealthy
A: permanent stasis, dig shafts and tunnels, four strong arms, antennae 3,
clarity, deformed body, frail 1, strong 1
a: Dig, Shaft Self, Bend Time, Temporal Distortion, Slouch, Step From Time,
Renounce Religion, Evoke Invisibility, Evoke Flight


Innate Abilities, Weirdness & Mutations

You are under a permanent stasis effect.
You can dig through walls and to a lower floor.
Your four strong arms can wield two-handed weapons with a shield.
You have a pair of large antennae on your head (SInv).
You possess an exceptional clarity of mind.
Armour fits poorly on your strangely shaped body.
You are frail (-10% HP).
Your muscles are strong. (Str +2)

Inventory:

Hand weapons
 a - a +6 great sword of flaming
 b - a +3 great sword of freezing (weapon)
Armour
 c - a +2 pair of boots of stealth (worn)
 f - a +5 shield (worn)
 l - a +2 cloak of invisibility (worn)
 p - the +6 plate armour of the Gloaming (worn) {rF+++ Str-4 Dex+5}
   (You bought it in a shop on level 1 of the Orcish Mines)

   It affects your strength (-4).
   It affects your dexterity (+5).
   It renders you almost immune to fire.
 t - the +2 pair of gloves of the Orange Skies (worn) {+Fly}
   (You acquired it on level 9 of the Dungeon)

   It lets you fly.
Jewellery
 j - an uncursed ring of protection from cold
 k - a +6 ring of protection (right hand)
 u - a +3 ring of evasion (left hand)
 w - an amulet of resist corrosion (around neck)
Magical devices
 v - a wand of heal wounds (7)
Scrolls
 e - 9 scrolls of remove curse
 g - 5 scrolls of identify
 m - 7 scrolls of fog
 r - a scroll of fear
 x - 2 scrolls of amnesia
 y - a scroll of immolation
 z - a scroll of blinking {unknown}
 I - 2 scrolls of magic mapping
 K - a scroll of enchant armour
Potions
 i - 2 potions of cancellation
 n - 3 potions of might
 o - 3 potions of agility
 q - 3 potions of magic
 A - 8 potions of curing
 B - 3 potions of invisibility
 D - a potion of heal wounds
 E - 3 potions of brilliance
 F - 2 potions of resistance
 H - 2 potions of beneficial mutation
Miscellaneous
 G - a phantom mirror
 J - a fan of gales
 L - a legendary deck of wonders {the Alchemist}
Comestibles
 d - 5 bread rations
 h - 8 meat rations
 s - 33 fruits
 C - 4 beef jerkies


   Skills:
 + Level 10.3 Fighting
 * Level 17.3 Long Blades
 - Level 10.1 Armour
 + Level 6.7 Dodging
 * Level 14.7 Shields
 - Level 2.1 Spellcasting
 - Level 4.6 Hexes
 - Level 5.4 Charms
 - Level 5.0 Necromancy
 - Level 8.4 Invocations
 - Level 5.0 Evocations


You had 13 spell levels left.
You knew the following spells:

 Your Spells              Type           Power        Failure   Level  Hunger
c - Spectral Weapon       Hex/Chrm       ####....     17%         3    ###....
d - Regeneration          Chrm/Necr      #####.....   17%         3    ###....


You were on level 2 of the Snake Pit.
You worshipped Cheibriados.
Cheibriados was exalted by your worship.
You were not hungry.

You visited 4 branches of the dungeon, and saw 25 of its levels.
You also visited: Sewer, Ice Cave and Volcano.

You collected 2871 gold pieces.
You spent 1395 gold pieces at shops.

#.........#.............
........................
.............#..........
............#.....†.....
.......§§.....).##......
......§§§..=....####....
.....§§§§§......# #....
......#g(...##### ##...
.......@§...# #...
..#.....§§§#.# ####
...........# #
.........#...
#............#
#####........#
#.........# .........S#

Notes
Turn   | Place    | Note
--------------------------------------------------------------
     0 | D:1      | ololoev the Formicid Skald began the quest for the Orb.
     0 | D:1      | Reached XP level 1. HP: 16/16 MP: 3/3
   416 | D:1      | Reached XP level 2. HP: 20/22 MP: 5/5
   553 | D:1      | Learned a level 2 spell: Song of Slaying
   762 | D:2      | Reached XP level 3. HP: 15/27 MP: 2/6
  1201 | D:2      | Learned a level 3 spell: Spectral Weapon
  1310 | D:2      | Reached XP level 4. HP: 19/33 MP: 7/7
  2085 | D:3      | Reached skill level 1 in Shields
  2184 | D:3      | Noticed B1inky's ghost (average SpFi)
  2263 | D:3      | Killed B1inky's ghost
  2263 | D:3      | Reached skill level 4 in Long Blades
  2263 | D:3      | Reached XP level 5. HP: 6/38 MP: 8/8
  2664 | D:3      | Reached XP level 6. HP: 35/44 MP: 9/9
  2819 | D:3      | Learned a level 3 spell: Regeneration
  3694 | D:4      | Found an ancient bone altar of Kikubaaqudgha.
  4305 | D:5      | Entered Level 5 of the Dungeon
  4413 | D:5      | Reached skill level 5 in Long Blades
  4438 | D:5      | Reached XP level 7. HP: 50/50 MP: 10/10
  4749 | D:4      | Noticed Oddysee's ghost (average DDFi)
  4790 | D:4      | Killed Oddysee's ghost
  4790 | D:4      | Reached skill level 6 in Long Blades
  5014 | D:5      | Reached XP level 8. HP: 24/56 MP: 11/11
  6058 | D:6      | Reached skill level 5 in Shields
  6288 | D:6      | Found a glowing drain.
  6291 | D:6      | Reached skill level 7 in Long Blades
  6334 | Sewer    | Entered a sewer
  6420 | Sewer    | Reached skill level 5 in Armour
  7448 | D:6      | Found a snail-covered altar of Cheibriados.
  7454 | D:6      | Became a worshipper of Cheibriados the Contemplative
  7948 | D:6      | Reached skill level 8 in Long Blades
  7961 | D:6      | Reached XP level 9. HP: 61/61 MP: 12/12
  7988 | D:6      | Acquired Cheibriados's first power
  8117 | D:6      | Found a glowing silver altar of Zin.
  8170 | D:6      | Reached skill level 1 in Invocations
  8709 | D:7      | Reached skill level 9 in Long Blades
  8715 | D:7      | Found a staircase to the Ecumenical Temple.
  8883 | D:7      | Noticed an unseen horror
  8901 | D:7      | Killed an unseen horror
  9297 | D:7      | Reached XP level 10. HP: 50/67 MP: 13/13
  9617 | D:7      | Noticed Menkaure
  9629 | D:7      | Killed Menkaure
  9907 | D:8      | Reached skill level 10 in Long Blades
 10183 | D:8      | Identified Kulon's Grimoire of Spatial Good Luck
 10235 | D:8      | Acquired Cheibriados's second power
 10285 | D:8      | Reached skill level 5 in Invocations
 10321 | D:8      | Got a colourful robe
 10332 | D:8      | Identified the +1 robe of Indemnity {*Corrode +Blink rElec} (You found it on level 8 of the Dungeon)
 10589 | D:8      | Gained mutation: You are frail (-10% HP). [mutagenic meat]
 10590 | D:8      | Gained mutation: Scrolls take you a little longer to read. [mutagenic meat]
 10591 | D:8      | Gained mutation: You are very frail (-20% HP). [mutagenic meat]
 10593 | D:8      | Gained mutation: You possess an exceptional clarity of mind. [mutagenic meat]
 10594 | D:8      | Gained mutation: Your spells are a little easier to cast, but a little less powerful. [mutagenic meat]
 11045 | D:8      | Acquired Cheibriados's third power
 11092 | D:9      | Noticed Maurice
 11137 | D:9      | Killed Maurice
 11177 | D:9      | Noticed Grum
 11184 | D:9      | Reached skill level 1 in Evocations
 11391 | D:8      | Reached skill level 11 in Long Blades
 11536 | D:9      | Found a burning altar of Makhleb.
 11536 | D:9      | Found a bloodstained altar of Trog.
 11536 | D:9      | Found a sacrificial altar of Ru.
 11538 | D:9      | Found a shadowy altar of Dithmenos.
 11541 | D:9      | Found a shimmering altar of Xom.
 11673 | D:9      | Identified a scroll of acquirement
 11673 | D:9      | Got a pair of spiked gloves
 11684 | D:9      | Identified the +2 pair of gloves of the Orange Skies {+Fly} (You acquired it on level 9 of the Dungeon)
 11726 | D:9      | Killed Grum
 11752 | D:9      | Acquired Cheibriados's fourth power
 11752 | D:9      | Reached XP level 11. HP: 53/57 MP: 14/16
 12062 | D:10     | Entered Level 10 of the Dungeon
 12063 | D:10     | Noticed RobertPalmer's ghost (powerful OgCK)
 12079 | D:10     | HP: 1/57 [RobertPalmer's ghost (21)]
 12084 | D:9      | Gained mutation: You can spit weak poison. [potion of beneficial mutation]
 12356 | D:10     | Noticed an unseen horror
 12372 | D:10     | Killed an unseen horror
 12719 | D:11     | Noticed a brown ugly thing
 12750 | D:11     | Killed a brown ugly thing
 12761 | D:11     | Gained mutation: Your flesh is heat resistant. [mutagenic meat]
 12762 | D:11     | Gained mutation: Your muscles are strong. (Str +2) [mutagenic meat]
 13124 | D:11     | Found a staircase to the Orcish Mines.
 13305 | Orc:1    | Entered Level 1 of the Orcish Mines
 13397 | Orc:1    | Found Boojoconn's Antique Armour Boutique.
 13430 | Orc:1    | Found a dark tunnel.
 13430 | Orc:1    | Noticed a lindwurm
 13435 | Orc:1    | Killed a lindwurm
 13435 | Orc:1    | Reached skill level 12 in Long Blades
 13529 | Volcano  | Entered a volcano
 14047 | Volcano  | Found a burning altar of Makhleb.
 14047 | Volcano  | Noticed a centaur warrior
 14052 | Volcano  | Killed a centaur warrior
 14318 | Volcano  | Reached skill level 5 in Evocations
 14699 | Orc:1    | Reached XP level 12. HP: 18/62 MP: 18/18
 14879 | Orc:1    | Found a roughly hewn altar of Beogh.
 14961 | Orc:1    | You fall through a shaft!
 14961 | Orc:2    | Found a roughly hewn altar of Beogh.
 15406 | Orc:2    | Found a bloodstained altar of Trog.
 15829 | Orc:1    | Bought a bronze plate armour for 840 gold pieces
 15839 | Orc:1    | Identified the +6 plate armour of the Gloaming {rF+++ Str-4 Dex+5} (You bought it in a shop on level 1 of the Orcish Mines)
 15840 | Orc:1    | Bought a jet-encrusted chain mail for 285 gold pieces
 15850 | Orc:1    | Identified the cursed +0 chain mail of the Cockatrice {*Drain rPois Str+4} (You bought it in a shop on level 1 of the Orcish Mines)
 16244 | Orc:3    | Reached skill level 10 in Armour
 16595 | Orc:3    | Reached skill level 13 in Long Blades
 16905 | Orc:1    | Bought a pair of embroidered boots for 135 gold pieces
 16905 | Orc:1    | Bought a shiny shield for 135 gold pieces
 17533 | D:11     | Found a staircase to the Lair.
 17537 | D:11     | Noticed a four-headed hydra
 17544 | D:11     | Killed a one-headed hydra
 17544 | D:11     | Reached skill level 1 in Hexes
 17784 | D:11     | Noticed a hill giant
 17789 | D:11     | Killed a hill giant
 18043 | D:11     | Noticed an unseen horror
 18055 | D:11     | Killed an unseen horror
 18225 | D:10     | Killed RobertPalmer's ghost
 18228 | D:10     | Gained mutation: Your mind is acute. (Int +2) [potion of beneficial mutation]
 18832 | D:10     | Reached skill level 1 in Necromancy
 18850 | D:10     | Reached skill level 5 in Fighting
 19567 | Lair:1   | Entered Level 1 of the Lair of Beasts
 19856 | Lair:1   | Reached XP level 13. HP: 72/72 MP: 19/19
 20306 | Lair:1   | Noticed a five-headed hydra
 20311 | Lair:1   | Killed a two-headed hydra
 20984 | Lair:2   | Noticed Urug
 20995 | Lair:2   | Killed Urug
 21422 | Lair:2   | Reached skill level 5 in Charms
 21487 | Lair:3   | Reached skill level 14 in Long Blades
 21692 | Lair:3   | Noticed B1inky's ghost (powerful SpFi)
 21711 | Lair:3   | Killed B1inky's ghost
 22378 | Lair:3   | Reached skill level 5 in Necromancy
 22634 | Lair:4   | Reached skill level 1 in Dodging
 22657 | Lair:4   | Noticed Rupert
 22658 | Lair:4   | Noticed Nergalle
 22676 | Lair:4   | Killed Rupert
 22680 | Lair:4   | Killed Nergalle
 22680 | Lair:4   | Reached XP level 14. HP: 40/80 MP: 18/20
 22893 | Lair:4   | Found a staircase to the Shoals.
 23647 | Lair:5   | Gained mutation: Your magical capacity is low (-10% MP). [potion of mutation]
 23647 | Lair:5   | Gained mutation: Armour fits poorly on your strangely shaped body. [potion of mutation]
 23647 | Lair:5   | Gained mutation: Your muscles are very strong. (Str +4) [potion of mutation]
 23753 | Lair:5   | Noticed Kirke
 23767 | Lair:5   | Killed Kirke
 24203 | Lair:5   | Reached skill level 10 in Shields
 24217 | Lair:5   | Reached skill level 15 in Long Blades
 24497 | Lair:6   | Found a frozen archway.
 24536 | IceCv    | Entered an ice cave
 25080 | IceCv    | Noticed a frost giant
 25094 | IceCv    | Killed a frost giant
 25100 | IceCv    | Reached XP level 15. HP: 49/88 MP: 19/19
 25658 | Lair:6   | Found a staircase to the Snake Pit.
 25856 | Lair:6   | Lost mutation: You can spit weak poison. [potion of cure mutation]
 25856 | Lair:6   | Lost mutation: You are very frail (-20% HP). [potion of cure mutation]
 25856 | Lair:6   | Lost mutation: Scrolls take you a little longer to read. [potion of cure mutation]
 25856 | Lair:6   | Lost mutation: Your spells are a little easier to cast, but a little less powerful. [potion of cure mutation]
 27066 | Lair:8   | Entered Level 8 of the Lair of Beasts
 27280 | Lair:8   | Noticed an acid blob
 27289 | Lair:8   | Killed an acid blob
 27289 | Lair:8   | Reached skill level 16 in Long Blades
 27289 | Lair:8   | Reached skill level 5 in Dodging
 27678 | Lair:8   | Found a staircase to the Slime Pits.
 27739 | Lair:8   | Got a distressingly furry ring mail
 27751 | Lair:8   | Identified the +3 ring mail of the First Snow {rN+} (You found it on level 8 of the Lair of Beasts)
 28274 | Lair:8   | Found a runed door.
 28520 | Lair:8   | Reached XP level 16. HP: 106/108 MP: 20/20
 29466 | Orc:4    | Entered Level 4 of the Orcish Mines
 29499 | Orc:4    | Found a staircase to the Elven Halls.
 29949 | Orc:4    | Found Mysar's Book Emporium.
 29949 | Orc:4    | Found Lipej's Gadget Shop.
 29951 | Orc:4    | Found Rathat's Book Boutique.
 29953 | Orc:4    | Found Zyips's Gadget Shoppe.
 30156 | Orc:4    | Noticed Donald
 30168 | Orc:4    | Killed Donald
 30831 | Snake:1  | Entered Level 1 of the Snake Pit
 30888 | Snake:1  | Reached skill level 17 in Long Blades
 31191 | Snake:1  | Reached skill level 10 in Fighting
 32209 | Snake:2  | Lost mutation: Your flesh is heat resistant. [potion of cure mutation]
 32209 | Snake:2  | Lost mutation: Your muscles are very strong. (Str +4) [potion of cure mutation]
 32209 | Snake:2  | Lost mutation: Your mind is acute. (Int +2) [potion of cure mutation]
 32209 | Snake:2  | Lost mutation: Your magical capacity is low (-10% MP). [potion of cure mutation]
 32221 | Snake:2  | Noticed Azrael
 32235 | Snake:2  | Killed Azrael
 32264 | Snake:2  | Found a shadowy altar of Dithmenos.
 32322 | Snake:2  | Noticed Jorgrun
 32333 | Snake:2  | Killed from afar by Jorgrun

Dungeon Overview and Level Annotations

Branches:
Dungeon (11/15)            Temple (0/1) D:7            Lair (8/8) D:11
 Shoals (0/4) Lair:4        Snake (2/4) Lair:6        Slime (0/6) Lair:8
    Orc (4/4) D:11            Elf (0/3) Orc:4

Altars:
Cheibriados
Dithmenos
Kikubaaqudgha
Makhleb
Ru
Trog
Xom
Zin
Beogh

Shops:
Orc:1 [   Orc:4 }:}:

Annotations:
Snake:2 Jorgrun


Message History

Jorgrun Earthshaker comes into view.
He is wielding a quarterstaff of crushing.
Jorgrun shouts!
Jorgrun gestures wildly while chanting.
The dungeon rumbles around Jorgrun!
You shudder from the earth-shattering force.
Ouch! That really hurt!
Ka-crash!
You see here a scroll labeled NIAVVI FAESOM.
z - a scroll labeled NIAVVI FAESOM Read which item? (? for menu, Esc to quit)
As you read the scroll of fog, it crumbles to dust.
The scroll dissolves into smoke.
Drink which item? (? for menu, Esc to quit)
You feel much better.
Some rock shatters into small pieces.
Cast which spell? (? or * to list)
Your skin crawls.
Casting: Regeneration
Confirm with . or Enter, or press ? or * to list all spells.
You draw out your weapon's spirit!
Jorgrun casts a spell.
The dungeon rumbles around Jorgrun!
You shudder from the earth-shattering force.
Ka-crash!
Drink which item? (? for menu, Esc to quit)
You feel much better.
Jorgrun hits you with a quarterstaff of crushing.
You slash Jorgrun! You freeze Jorgrun.
Jorgrun is lightly wounded.
Your spectral weapon completely misses Jorgrun.
Jorgrun barely misses you.
You hit Jorgrun. You freeze Jorgrun.
Jorgrun is lightly wounded.
Your spectral weapon hits Jorgrun!!
Your spectral weapon freezes Jorgrun.
You miss Jorgrun.
Jorgrun is heavily wounded.
Your spectral weapon hits Jorgrun!
Your spectral weapon freezes Jorgrun.
Jorgrun casts a spell.
The dungeon rumbles around Jorgrun!
You shudder from the earth-shattering force.
You die...

You could see Jorgrun and a black mamba (wandering).

Vanquished Creatures
  Rupert (Lair:4)
  An acid blob (Lair:8)
  Kirke (Lair:5)
  Donald (Orc:4)
  A frost giant (IceCv)
  Azrael (Snake:2)
  The ghost of RobertPalmer the Basher, a powerful OgCK of Xom (D:10)
  A fire dragon (Lair:8)
  10 hydras
  An anaconda (Snake:2)
  A centaur warrior (Volcano)
  The ghost of B1inky the Fighter, a powerful SpFi of Ashenzari (Lair:3)
  8 death yaks
  3 shock serpents
  Urug (Lair:2)
  4 naga sharpshooters (Snake:1)
  Nergalle (Lair:4)
  A hill giant (D:11)
  3 unseen horrors
  An ice statue (IceCv)
  2 naga ritualists (Snake:1)
  An orc sorcerer (Orc:3)
  2 orc knights (Orc:4)
  2 lindwurms
  2 salamanders (Snake:1)
  An ugly thing (D:11)
  A griffon (Lair:7)
  3 mana vipers
  Maurice (D:9)
  4 centaur zombies
  2 molten gargoyles (Volcano)
  19 black mambas
  4 naga magi (Snake:1)
  6 torpor snails (Lair:8)
  17 spiny frogs
  11 elephants
  A gargoyle (D:10)
  2 yaktaurs (Volcano)
  5 fire drakes
  A merfolk (Lair:4)
  A troll (Orc:3)
  14 komodo dragons
  16 polar bears
  A two-headed ogre (D:10)
  A boulder beetle (Lair:7)
  3 giant leeches (Lair:8)
  18 blink frogs
  A wyvern (D:8)
  2 hogs (Lair:5)
  53 yaks
  2 fire elementals (Snake:2)
  The ghost of Oddysee the Chopper, an average DDFi (D:4)
  Grum (D:9)
  6 basilisks
  6 hippogriffs
  A hungry ghost (D:10)
  A fire bat (Volcano)
  Menkaure (D:7)
  27 wolves
  15 nagas
  5 hell hounds (Snake:2)
  3 wasps (Lair:8)
  10 porcupines
  17 water moccasins
  4 phantoms
  A sky beast (D:8)
  A black bear (D:8)
  36 orc warriors
  2 eyes of draining (D:11)
  2 necrophages
  17 centaurs
  9 ogres
  13 crocodiles
  16 giant frogs
  The ghost of B1inky the Cutter, an average SpFi (D:3)
  5 brain worms (Lair:8)
  A wyvern skeleton (D:9)
  6 killer bees
  8 electric eels
  9 wights
  5 crimson imps
  12 iguanas
  4 jellies
  A giant frog skeleton (D:5)
  30 orc priests
  A centaur skeleton (D:6)
  6 hounds
  A lava snake (Volcano)
  2 quasits
  9 worker ants
  30 orc wizards
  6 sheep
  2 hound zombies
  A worker ant zombie (D:11)
  62 river rats
  A gnoll (D:4)
  19 adders
  2 shadow imps
  4 oozes
  19 worms
  9 giant geckos
  208 orcs
  A bat zombie (D:8)
  10 giant cockroaches
  25 hobgoblins
  13 jackals
  4 ball pythons
  15 bats
  A giant gecko skeleton (D:6)
  A giant gecko zombie (D:4)
  5 giant newts
  25 goblins
  21 kobolds
  6 quokkas
  4 quokka skeletons
  23 rats
  A bush (Lair:8)
  A fungus (Lair:8)
  3 plants
1060 creatures vanquished.

Vanquished Creatures (others)
  2 humans (Lair:5)
  2 water moccasins
  A porcupine (Lair:5)
  An orc (Orc:4)
  25 fungi
  12 plants
43 creatures vanquished.

Grand Total: 1103 creatures vanquished

Action                   |  1- 3 |  4- 6 |  7- 9 | 10-12 | 13-15 | 16-18 || total
-------------------------+-------+-------+-------+-------+-------+-------++-------
Melee: Falchion          |   102 |   372 |   563 |       |       |       ||  1037
       Scimitar          |       |       |   161 |   610 |       |       ||   771
       Great sword       |       |       |       |   505 |  1083 |   415 ||  2003
 Cast: Infusion          |     2 |       |     1 |     1 |       |       ||     4
       Song of Slaying   |     1 |       |       |       |       |       ||     1
       Regeneration      |       |       |       |     3 |       |     1 ||     4
       Spectral Weapon   |       |       |       |       |     1 |     1 ||     2
Invok: Slouch            |       |       |       |     5 |       |     2 ||     7
 Abil: Dig               |       |       |    11 |    11 |     8 |     3 ||    33
       Evoke Invisibilit |       |       |       |     1 |       |       ||     1
       Evoke Flight      |       |       |       |     1 |       |       ||     1
Evoke: Wand              |       |       |       |     3 |       |       ||     3
  Use: Scroll            |       |     9 |     5 |    15 |    17 |     3 ||    49
       Potion            |       |     4 |     5 |    10 |     2 |     4 ||    25
 Stab: Sleeping          |     1 |       |       |       |       |       ||     1
       Invisible         |       |       |       |     3 |       |       ||     3
       Distracted        |       |       |       |     1 |       |       ||     1
  Eat: Chunk             |     1 |    11 |     8 |    28 |    17 |     6 ||    71
       Beef jerky        |       |       |     1 |       |       |       ||     1
       Bread ration      |       |       |     2 |       |       |       ||     2
       Pizza             |       |       |       |     1 |       |     1 ||     2
       Royal jelly       |       |       |       |       |     1 |       ||     1

Vault maps used:
D:1:      scummos_arrival_checkerplants
D:4:      minmay_thick_lines, kiku_gazebo_garden_becter
D:5:      nicolae_ossuary_entry_ruins, first_bread, lightli_minifort
D:6:      portal_sewer_entry_a, hangedman_feature_mirror,
          minmay_misc_feat_pillars
D:7:      minmay_temple_entry_statues_fountains, uniq_menkaure
D:9:      grunt_temple_overflow_open, hangedman_abyss_or_decor_stabs, uniq_grum,
          uniq_maurice
D:11:     due_lair_maze_entry_diamond, erik_orc_2
Lair:1:   dpeg_stationary_puzzle
Lair:2:   uniq_urug
Lair:3:   serial_bayou_shore_a, lemuel_fruit_tree, infiniplex_staircase_pool_2,
          serial_bayou_shore_b
Lair:4:   elwin_shoals_entry_rooms, uniq_nergalle, uniq_rupert
Lair:5:   lemuel_fruit_fields, infiniplex_staircase_pool, grunt_megastairs_2,
          uniq_kirke
Lair:6:   minmay_snake_entry_guardpost_small,
          portal_ice_cave_entry_animals_and_master, lemuel_fruit_fields
Lair:7:   cheibrodos_lair_caveside_slide
Lair:8:   hangedman_lair_in_review, wormcave, nicolae_slime_entry_slimehenge
Snake:2:  basic_altar, uniq_azrael, uniq_jorgrun, uniq_aizul
Orc:1:    nicolae_volcano_entry_vermiform, serial_shops, shop, basic_altar
Orc:2:    basic_altar, bloody_trog
Orc:3:    nicolae_orc_pool_cavern
Orc:4:    st_orc_rangers, mines_bat_river, uniq_donald
Sewer:    sewer_co_scattered_pipes
IceCv:    ice_cave_small_giant
Volcano:  volcano_lake
